 Dungeon Crawl Stone Soup version 0.21-a0-229-g3587535 (webtiles) character file.

136 xnavy the Poker (level 5, 0/41 HPs)
             Began as a Merfolk Gladiator on Sept 2, 2017.
             Slain by an orc wizard
             ... wielding a +0 dagger
              (3 damage)
             ... on level 3 of the Dungeon.
             The game lasted 00:04:52 (2241 turns).

xnavy the Poker (Merfolk Gladiator)                 Turns: 2241, Time: 00:04:52

Health: 0/41       AC:  4    Str: 14    XL:     5   Next: 19%
Magic:  5/5        EV: 15    Int:  8    God:
Gold:   58         SH:  0    Dex: 16    Spells: 4/4 levels left

rFire    . . .     SeeInvis .   a - +0 trident
rCold    . . .     Gourm    .   (no shield)
rNeg     . . .     Faith    .   b - +0 leather armour
rPois    .         Spirit   .   c - +0 helmet
rElec    .         Reflect  .   (no cloak)
rCorr    .         Harm     .   (no gloves)
MR       .....                  (no boots)
Stlth    +.........             (no amulet)
HPRegen  0.13/turn              (no ring)
MPRegen  0.09/turn              (no ring)

@: no status effects
A: change form in water, swift swim, stealthy swim
a: no special abilities


You were on level 3 of the Dungeon.
You were not hungry.

You visited 1 branch of the dungeon, and saw 3 of its levels.

You collected 58 gold pieces.

Inventory:

Hand Weapons
 a - a +0 trident (weapon)
 l - a +0 blowgun
   (You took it off a kobold on level 3 of the Dungeon)
 n - a +1 mace of holy wrath
   (You found it on level 1 of the Dungeon)
 p - a +2 dagger of speed
   (You took it off a goblin on level 1 of the Dungeon)
Missiles
 d - 3 throwing nets {=f, !d}
 h - 73 stones (quivered)
 t - 3 poisoned needles
Armour
 b - a +0 leather armour (worn)
 c - a +0 helmet (worn)
Scrolls
 i - a scroll of noise {unknown}
 k - 2 scrolls of identify {unknown}
 r - a scroll of magic mapping {unknown}
 v - a scroll of fog {unknown}
 w - a scroll of blinking {unknown}
Potions
 e - 3 potions of flight {unknown}
 j - 2 potions of curing {unknown}
 q - a potion of might {unknown}
 u - a potion of lignification {unknown}
Comestibles
 f - 4 bread rations {@e1}
 g - 3 fruits
 m - 3 royal jellies
 o - 3 meat rations {@e2}
 s - a chunk of flesh {@w0}


   Skills:
 + Level 3.1 Fighting
 * Level 6.4 Polearms
 - Level 2.0 Throwing
 + Level 5.4 Dodging


You had 4 spell levels left.
You didn't know any spells.

Dungeon Overview and Level Annotations

Branches:
Dungeon (3/15)

Altars:
Nemelex Xobeh
Sif Muna


Message History

The orc wizard shouts!
The orc barely misses you.
You see here a rat corpse.
The orc wizard casts a spell at you. The puff of flame misses you.
The orc barely misses you.
The orc hits you with a falchion of protection.
You take 3 damage, and have 31/34 hp.
You barely miss the orc. The orc completely misses you.
You hit the orc but do no damage. You barely miss the orc.
The orc hits you with a falchion of protection.
You take 2 damage, and have 29/34 hp.
You hit the orc. The orc barely misses you.
The orc wizard casts a spell.
The orc wizard flickers and vanishes!
Deactivating autopickup; reactivate with Ctrl-A.
You closely miss the orc.
The orc hits you with a falchion of protection.
An orc wizard comes into view. It is wielding a dagger.
You take 6 damage, and have 23/34 hp.
You barely miss the orc.
The orc wizard shouts!
The orc wizard gestures wildly while chanting.
The orc wizard flickers and vanishes!
The orc hits you with a falchion of protection.
You take 3 damage, and have 20/34 hp.
You barely miss the orc. The orc closely misses you.
You closely miss the orc. The orc hits you but does no damage.
You hit the orc but do no damage. The orc hits you. The orc barely misses you.
You take 1 damage, and have 19/34 hp.
You hit the orc. The orc hits you but does no damage. x2
You puncture the orc!
You kill the orc!
The orc hits you with a short sword.
You take 4 damage, and have 15/34 hp.
You hit the orc. The orc misses you. The orc closely misses you.
The orc barely misses you.
Things that are here:
a ring mail; an orc corpse A hobgoblin comes into view.
It is wielding a club.
The hobgoblin shouts!
The hobgoblin moves out of view.
You hit the orc. The orc closely misses you.
You puncture the orc!
You kill the orc!
The orc hits you but does no damage.
You puncture the orc! You hit the orc.
You kill the orc!
Aim: a hobgoblin, wielding a club You throw a stone.
The stone misses the orc wizard.
Attack whom?
Aim: a hobgoblin, wielding a club You reach to attack!
You hit the orc.
You kill the orc!
You puncture the hobgoblin!
You kill the hobgoblin!
You closely miss the orc. You hit the orc. You closely miss the orc.
The orc closely misses you.
You hit the orc but do no damage. The orc wizard misses you.
The orc barely misses you.
You barely miss the orc. The orc wizard barely misses you.
The orc hits you but does no damage.
You hit the orc.
You kill the orc!
The orc wizard gestures at you while chanting.
The magic dart hits you!
You take 4 damage, and have 13/34 hp.
You closely miss the orc wizard.
The orc wizard hits you but does no damage.
You hit the orc wizard. The orc wizard barely misses you.
You puncture the orc wizard!
The orc wizard points at you and mumbles some strange words.
The magic dart hits you!
* * * LOW HITPOINT WARNING * * *
You take 8 damage, and have 5/34 hp.
MASSIVE DAMAGE!!
You hit the orc wizard. The orc wizard hits you with a dagger.
* * * LOW HITPOINT WARNING * * *
You take 2 damage, and have 3/34 hp.
Unknown command.
You puncture the orc wizard!
You kill the orc wizard!
Your Fighting skill increases to level 3!
You have reached level 5!
You feel clever.
MP restored: 5 You start resting.
A puff of flame appears from out of thin air!
The puff of flame misses you.
Okay, then.
Items here: ) [[ † a club; a leather armour; a ring mail; an orc corpse You barely miss something.
Something hits you.
* * * LOW HITPOINT WARNING * * *
You take 1 damage, and have 3/41 hp.
You closely miss something. Something hits you.
You die...

................))......#
........>..........)....#
............o#...###....#
...........#{##..###....#
.........#{##.........#
........[.##.........#
...#.....##.)..)....#
.##.##..##.).......#
...##...##@..(....#
............{.......#
............(.......#
....................#
...................#
.)............######
..............#
.............#
...<........#


There were no monsters in sight!

Vanquished Creatures
  An orc wizard (D:3)
  A gnoll (D:1)
  2 adders
  3 dart slugs
  6 orcs (D:3)
  6 bats
  3 giant cockroaches
  4 goblins
  11 hobgoblins
  7 jackals
  4 frilled lizards
  12 kobolds
  6 rats
66 creatures vanquished.

Notes
Turn   | Place    | Note
-------+----------+-------------------------------------------
     0 | D:1      | xnavy the Merfolk Gladiator began the quest for the Orb.
     0 | D:1      | Reached XP level 1. HP: 16/16 MP: 1/1
    70 | D:1      | Reached skill level 5 in Polearms
    70 | D:1      | Reached XP level 2. HP: 23/23 MP: 2/2
   147 | D:1      | Reached XP level 3. HP: 28/28 MP: 3/3
   154 | D:1      | xnavy: !lg * won recent mfgl god=fedhas
   154 | D:1      | beem: 7. Krenium the Slayer (L27 MfGl of Fedhas), escaped with the Orb and 3 runes on 2017-07-08 10:16:09, with 1649422 points after 75019 turns and 10:43:12.
   154 | D:1      | xnavy: !lg * won recent mfgl god=fedhas -2
   154 | D:1      | beem: 6/7. LAEvanesce the Merfolkian Porcupine (L27 MfGl of Fedhas), escaped with the Orb and 3 runes on 2017-06-27 01:28:09, with 1698916 points after 70399 turns and 7:51:29.
   154 | D:1      | xnavy: !lg * won recent mfgl god=fedhas --log
   154 | D:1      | beem: No keyword '--log'
   154 | D:1      | xnavy: !lg * won recent mfgl god=fedhas -log
   154 | D:1      | beem: 7. Krenium, XL27 MfGl, T:75019: http://crawl.akrasiac.org/rawdata/Krenium/morgue-Krenium-20170708-101609.txt
  1046 | D:2      | Found a sparkling altar of Nemelex Xobeh.
  1132 | D:2      | Reached XP level 4. HP: 32/34 MP: 4/4
  1165 | D:2      | Found a deep blue altar of Sif Muna.
  1353 | D:2      | Reached skill level 5 in Dodging
  1884 | D:2      | You fall through a shaft!
  2065 | D:3      | Reached skill level 6 in Polearms
  2235 | D:3      | HP: 5/34 [orc wizard/magic dart (8)]
  2237 | D:3      | Reached skill level 3 in Fighting
  2237 | D:3      | Reached XP level 5. HP: 4/41 MP: 5/5
  2240 | D:3      | HP: 3/41 [something (1)]
  2241 | D:3      | Slain by an orc wizard

Vault maps used:
D:1:      sevenhm_arrival_forest_fort_small_6
D:2:      grunt_temple_overflow_open, first_bread

Skill      XL: |  1  2  3  4 |
---------------+-------------+-----
Polearms       | 5 6 |  6.4
Dodging        | 5 |  5.4
Fighting       | 3 |  3.1
Throwing       | |  2.0

Action                   |  1- 3 |  4- 6 || total
-------------------------+-------+-------++-------
Melee: Trident           |    81 |    92 ||   173
Throw: Stone             |    69 |    40 ||   109
  Eat: Chunk             |     1 |     3 ||     4
Armor: Leather armour    |     4 |    16 ||    20
Dodge: Dodged            |    42 |    62 ||   104

Table legend:
 A = Spawn XP
 B = Non-spawn XP
 C = Spawn XP percentage of total XP
 D = Spawn monster count
 E = Non-spawn monster count
 F = Spawn count percentage of total count
 G = Total turns spent on level
                    A         B        C        D         E        F      G
               +---------+---------+-------+---------+---------+-------+---------
         Total |      11 |     184 |   5.6 |       7 |      59 |  10.6 |  2241
               +---------+---------+-------+---------+---------+-------+---------
           D:1 |       4 |      51 |   7.3 |       3 |      21 |  12.5 |   915
           D:2 |       3 |      52 |   5.5 |       2 |      21 |   8.7 |   969
           D:3 |       4 |      81 |   4.7 |       2 |      17 |  10.5 |   357
               +---------+---------+-------+---------+---------+-------+---------

Vault maps used:
D:1:      sevenhm_arrival_forest_fort_small_6
D:2:      grunt_temple_overflow_open, first_bread

Table legend:
 A = Turns spent in this place as a percentage of turns spent in the entire game.
 B = Non-inter-level travel turns spent in this place as a percentage of non-inter-level travel turns spent in the entire game.
 C = Inter-level travel turns spent in this place as a percentage of turns spent in this place.
 D = Turns resting spent in this place as a percentage of non-inter-level travel turns spent in this place.
 E = Turns spent auto-exploring this place as a percentage of non-inter-level travel turns spent in this place.
 F = Non-inter-level travel turns spent in this place divided by the number of levels of this place that you've seen.
                   A       B       C       D       E      F
               +-------+-------+-------+-------+-------+----------------------
         Total | 100.0 | 100.0 |   1.4 |  11.5 |  65.6 | 736.3
       Dungeon | 100.0 | 100.0 |   1.4 |  11.5 |  65.6 | 736.3
               +-------+-------+-------+-------+-------+----------------------

Table legend:
 A = Kills in this place as a percentage of kills in entire the game.
 B = Kills by you in this place as a percentage of kills by you in the entire game.
 C = Kills by friends in this place as a percentage of kills by friends in the entire game.
 D = Other kills in this place as a percentage of other kills in the entire game.
 E = Experience gained in this place as a percentage of experience gained in the entire game.
 F = Experience gained in this place divided by the number of levels of this place that you have seen.
                   A       B       C       D       E      F
               +-------+-------+-------+-------+-------+----------------------
         Total | 100.0 | 100.0 |   N/A |   N/A | 100.0 |  65.0
       Dungeon | 100.0 | 100.0 |   N/A |   N/A | 100.0 |  65.0
               +-------+-------+-------+-------+-------+----------------------
